 Dungeon Crawl Stone Soup version 0.31-a0-175-g9f7f995f2b (webtiles) character file.

Game seed: 17515078975338937080

133 NotreDorf the Stinger (level 5, -6/37 HPs)
             Began as a Merfolk Venom Mage on June 17, 2023.
             Killed from afar by Ijyb (15 damage)
             ... with a bolt of light
             ... on level 2 of the Dungeon.
             The game lasted 00:08:43 (2317 turns).

NotreDorf the Stinger (Merfolk Venom Mage)          Turns: 2317, Time: 00:08:44

Health: -6/37      AC:  4    Str:  8    XL:     5   Next: 16%
Magic:  9/18       EV: 13    Int: 17    God:
Gold:   72         SH:  0    Dex: 14    Spells: 3/9 levels left

rFire   . . .        l - +0 spear
rCold   . . .        (no shield)
rNeg    . . .        a - +0 robe
rPois   .            s - +0 helmet
rElec   .            (no cloak)
rCorr   .            (no gloves)
SInv    .            f - +0 pair of boots
Will    .....        (no amulet)
Stlth   ++           t - ring of magical power
HPRegen 0.26/turn    (no ring)
MPRegen 0.16/turn

%: no passive effects
@: very slightly contaminated
A: (nimble swimmer 2), mertail
a: no special abilities


You were on level 2 of the Dungeon.
You visited 1 branch of the dungeon, and saw 3 of its levels.

You collected 72 gold pieces.

Inventory:

Hand Weapons
 c - a +0 mace
 l - a +0 spear (weapon)
Missiles
 d - 17 stones
Armour
 a - a +0 robe (worn)
 f - a +0 pair of boots (worn)
 s - a +0 helmet (worn)
Jewellery
 n - a ring of ice
 t - a ring of magical power (left hand)
Scrolls
 e - 3 scrolls of vulnerability {unknown}
 i - 2 scrolls of identify {unknown}
 j - a scroll of fear {unknown}
 m - a scroll of teleportation {unknown}
 q - a scroll of revelation {unknown}
 r - a scroll of enchant armour {unknown}
Potions
 b - a potion of magic
 g - a potion of curing {unknown}
 h - a potion of heal wounds {unknown}
 k - a potion of brilliance {unknown}
 o - a potion of degeneration {unknown}
 p - a potion of cancellation {unknown}


   Skills:
 + Level 1.6 Fighting
 + Level 1.7 Polearms
 + Level 3.8 Dodging
 - Level 2.5 Stealth
 + Level 2.6 Spellcasting
 - Level 2.5 Transmutations
 + Level 4.0 Poison Magic


You had 3 spell levels left.
You knew the following spells:

 Your Spells              Type           Power      Damage    Failure   Level
a - Sting                 Tmut/Pois      52%        1d5       4%          1
b - Poisonous Vapours     Pois/Air       18%        N/A       12%         2
c - Mephitic Cloud        Conj/Pois/Air  6%         N/A       30%         3

Your spell library contained the following spells:

 Spells                   Type           Power      Damage    Failure   Level
 Gell's Gravitas          Tloc           2%         N/A       47%         3
 Teleport Other           Tloc           2%         N/A       47%         3
 Olgreb's Toxic Radiance  Pois           15%        N/A       34%         4
 Dispersal                Tloc           1%         N/A       100%        6


Dungeon Overview and Level Annotations

Branches:
Dungeon (3/15)

Altars:

Annotations:
D:2 Ijyb


Innate Abilities, Weirdness & Mutations

((You are very nimble when in or above water. (Stealth+, EV+, Speed+++)))
Your lower body shifts to a powerful aquatic tail in water.


Message History

Poisonous vapours surround Ijyb!
Ijyb is poisoned.
Ijyb hits you but does no damage.
You climb upwards.
There is a stone staircase leading down here.
You barely miss Ijyb. Ijyb barely misses you.
You barely miss Ijyb. Ijyb hits you with a +0 club.
You hit Ijyb but do no damage.
Ijyb screams, "Get away!"
Ijyb zaps a wand.
The bolt of light hits you!
You closely miss Ijyb. Ijyb hits you with a +0 club.
You barely miss Ijyb.
Ijyb is lightly wounded.
Ijyb zaps a wand.
The bolt of light misses you.
You hit Ijyb but do no damage.
Ijyb is lightly wounded.
Ijyb barely misses you.
You hit Ijyb but do no damage.
Ijyb is lightly wounded.
Ijyb hits you with a +0 club.
Casting: Poisonous Vapours (safe; 12% risk of failure)
Confirm with . or Enter, or press ? or * to list all spells.
Aiming: Poisonous Vapours (safe; 12% risk of failure)
Press: ? - help, Dir - move target, f - Ijyb
Aim: Ijyb, wielding a +0 club, wearing a +0 ring mail and carrying a wand of light (10) (lightly wounded, poisoned) Poisonous vapours surround Ijyb!
Ijyb looks even sicker.
Ijyb zaps a wand.
The bolt of light hits you!
* * * LOW HITPOINT WARNING * * *
Casting: Poisonous Vapours (safe; 12% risk of failure)
Confirm with . or Enter, or press ? or * to list all spells.
The spell is quite dangerous to miscast (30% risk of failure)!
Continue anyway? [Y]es or [N]o only, please.
The spell is quite dangerous to miscast (30% risk of failure)!
Continue anyway?
Aiming: Mephitic Cloud (quite dangerous; 30% risk of failure)
Press: ? - help, Shift-Dir - straight line, f/p - Ijyb
Aim: Ijyb, wielding a +0 club, wearing a +0 ring mail and carrying a wand of light (9) (lightly wounded, very poisoned, chance to affect: 86%) That beam is likely to hit you.
Continue anyway?
You miscast Mephitic Cloud.
You are very lightly contaminated with residual magic.
Nothing appears to happen.
Ijyb zaps a wand.
The bolt of light hits you!
You die...

######## #####.....#
#.##.### .......# ###.###
#....... ######.# #.#
####.### ##.## #.# ##......
#####...## #.# #....##.
.........# ####.# #..####.
#####....# #....# #..# #.
##.#.# #.#### #..# #. #.#.#
#@#########..# #. #.#.####
#g.......##..##### #.#....#
#..###............
#.####.####......#.##..#####
#.#.............##.##.>#
#.#.####...............#
######.#.# #####.##....[...#
.......#.# #.......#####
.#######.# #########


You could see Ijyb (very poisoned).

Vanquished Creatures
  Terence (D:2)
  Robin (D:2)
  3 gnolls (D:2)
  An adder (D:2)
  A worm (D:2)
  A dart slug (D:1)
  4 ball pythons
  7 endoplasms
  2 hobgoblins (D:2)
  2 jackals (D:1)
  4 kobolds
  5 quokkas
  5 bats
  A frilled lizard (D:1)
  10 goblins
48 creatures vanquished.

Notes
Turn   | Place    | Note
-------+----------+-------------------------------------------
     0 | D:1      | NotreDorf the Merfolk Venom Mage began the quest for the
                  | Orb.
     0 | D:1      | Reached XP level 1. HP: 13/13 MP: 3/3
   333 | D:1      | Reached XP level 2. HP: 19/19 MP: 1/5
   400 | D:1      | Found a faded altar of an unknown god.
   860 | D:2      | Reached XP level 3. HP: 16/24 MP: 3/6
   929 | D:2      | Reached XP level 4. HP: 7/31 MP: 0/7
  1047 | D:2      | Learned a level 2 spell: Poisonous Vapours
  1051 | D:2      | Learned a level 3 spell: Mephitic Cloud
  1097 | D:2      | Noticed Robin
  1113 | D:2      | Reached skill level 1 in Fighting
  1322 | D:2      | Noticed Terence
  1334 | D:2      | Killed Terence
  1335 | D:2      | Reached skill level 1 in Polearms
  1899 | D:2      | Reached XP level 5. HP: 27/37 MP: 4/8
  1961 | D:2      | Killed Robin
  1962 | D:2      | Reached skill level 4 in Poison Magic
  2303 | D:3      | Noticed Ijyb
  2317 | D:2      | Killed from afar by Ijyb

Illustrated notes

Levels and vault maps discovered:
D:1:      tekkud_arrival_beachfront_property, layout_rooms,
          hellmonk_ecumenical_altar_pennies_from_heaven
D:2:      layout_loops_ring, uniq_terence, uniq_robin
D:3:      kb_forest_paths, layout_basic,
          mainiacjoe_overflow_concentric_impassable, dreamdust_princess_bridge,
          uniq_ijyb

Skill      XL: |  1  2  3  4  5 |
---------------+----------------+-----
Dodging        | 3 |  3.8
Transmutations | 2 |  2.5
Fighting       | 1 |  1.6
Polearms       | 1 |  1.7
Poison Magic   | 4 |  4.0
Stealth        | |  2.5
Spellcasting   | |  2.6

Action                     |  1- 3 |  4- 6 || total
---------------------------+-------+-------++-------
  Melee: Mace              |    24 |       ||    24
         Unarmed           |     1 |       ||     1
         Spear             |    14 |   102 ||   116
         Punch             |     1 |       ||     1
   Cast: Sting             |    32 |     2 ||    34
         Poisonous Vapours |       |    20 ||    20
   Stab: Sleeping          |     1 |       ||     1
 Armour: Robe              |     9 |     7 ||    16
  Dodge: Dodged            |    34 |    50 ||    84

Table legend: (Time is in decaauts)
 A = Elapsed time spent in this place.
 B = Non-inter-level travel time spent in this place.
 C = Inter-level travel time spent in this place.
 D = Time resting spent in this place.
 E = Time spent auto-exploring this place.
 F = Levels seen in this place.
 G = Mean time per level.
                   A        B        C        D        E       F      G
               +--------+--------+--------+--------+--------+-----+--------+
         Total |   2325 |   2282 |     43 |    321 |   1473 |   3 |  775.0 |
       Dungeon |   2325 |   2282 |     43 |    321 |   1473 |   3 |  775.0 |
               +--------+--------+--------+--------+--------+-----+--------+

Top non-repeatable levels by time:
     D:2: 1504 daAuts
     D:1: 815 daAuts
     D:3: 4 daAuts
